 Dungeon Crawl Stone Soup version 0.17-a0-737-gf0a300a (webtiles) character file.

3115 Ngotmuk the Shield-Bearer (level 9, -8/85 HPs)
             Began as a Deep Dwarf Fighter on Apr 26, 2015.
             Was a Follower of Ru.
             Mangled by an orc warrior
             ... wielding a +1 scimitar of flaming
              (16 damage)
             ... on level 7 of the Dungeon.
             The game lasted 00:21:49 (5965 turns).

Ngotmuk the Shield-Bearer (Deep Dwarf Fighter)      Turns: 5965, Time: 00:21:50

Health: -8/85      AC: 12    Str: 22    XL:     9   Next: 60%
Magic:  9/9        EV: 10    Int: 10    God:    Ru [*.....]
Gold:   318        SH: 11    Dex: 12    Spells: 0 memorised, 8 levels left

rFire  . . .     SeeInvis .     B - +0 whip (vamp)
rCold  . . .     Clarity  .     F - +0 scale mail (curse)
rNeg   + . .     SustAb   +     c - +0 shield
rPois  .         Gourm    .     h - +0 helmet
rElec  .         Spirit   .     K - +0 cloak
rCorr  .         Warding  +     (no gloves)
rMut   .         Stasis   .     L - +0 pair of boots
MR     +....                    q - amulet of warding
Stlth  ..........               f - ring of sustain abilities
                                t - +3 ring of slaying

@: non-regenerating, somewhat resistant to hostile enchantments, extremely
unstealthy
A: damage resistance, recharge devices, sense surroundings 2, slow healing 3,
hated by all
a: Device Recharging, Renounce Religion


You were on level 7 of the Dungeon.
You worshipped Ru.
Ru was aware of your devotion.
You were not hungry.

You visited 2 branches of the dungeon, and saw 9 of its levels.

You collected 318 gold pieces.

Inventory:

Hand weapons
 B - a +0 vampiric whip (weapon)
 E - a +0 blowgun
Missiles
 C - 22 poisoned needles
Armour
 c - a +0 shield (worn)
 h - a +0 helmet (worn)
 F - a cursed +0 scale mail (worn)
 K - a +0 cloak (worn)
 L - a +0 pair of boots (worn)
Jewellery
 f - a ring of sustain abilities (right hand)
 q - an amulet of warding (around neck)
 t - a +3 ring of slaying (left hand)
Magical devices
 e - a wand of heal wounds (2)
 u - a wand of paralysis (8)
 H - a wand of teleportation (3)
Scrolls
 b - a scroll of brand weapon {unknown}
 i - a scroll of enchant weapon {unknown}
 j - 10 scrolls of remove curse
 k - 2 scrolls of magic mapping {unknown}
 m - a scroll of blinking {unknown}
 n - a scroll of identify
 o - a scroll of fog {unknown}
 r - 2 scrolls of recharging
 s - a scroll of amnesia {unknown}
 v - 2 scrolls of fear
 y - 2 scrolls of immolation {unknown}
 A - 2 scrolls of enchant armour
 D - a scroll of random uselessness {unknown}
Potions
 a - a potion of invisibility {unknown}
 d - a potion of might
 g - a potion of mutation {unknown}
 l - 3 potions of heal wounds
 p - 3 potions of agility {unknown}
 w - 3 potions of curing
 x - a potion of degeneration {unknown}
 z - a potion of berserk rage {unknown}
 G - 2 potions of poison {unknown}


   Skills:
 + Level 6.4 Fighting
   Level 7.4 Axes
 + Level 7.5 Armour
 + Level 4.8 Dodging
 + Level 7.6 Shields


You had 8 spell levels left.
You didn't know any spells.

Dungeon Overview and Level Annotations

Branches:
Dungeon (8/15)             Temple (1/1) D:4
   Lair: D:8-11

Altars:
Cheibriados
Dithmenos
Elyvilon
Fedhas
Gozag
Kikubaaqudgha
Makhleb
Nemelex Xobeh
Okawaru
Qazlal
Ru
Sif Muna
Trog
Xom
Yredelemnul
Zin
The Shining One

Annotations:
D:6 Eustachio
D:8 Pikel


Innate Abilities, Weirdness & Mutations

You are resistant to damage.
You can recharge devices by infusing magical energy.
You passively map the area around you.
You do not heal naturally.
You are hated by all.


Message History

Zapping:
e - a wand of heal wounds (3)
Press: ? - help, Shift-Dir - straight line, f - you You feel much better.
This wand has 2 charges left.
You hit the orc warrior but do no damage.
The orc warrior is heavily wounded.
The orc warrior hits you with a scimitar of flaming!!
* * * LOW HITPOINT WARNING * * *
The orc warrior burns you.
You barely miss the orc warrior.
The orc warrior is heavily wounded.
The orc warrior hits you with a scimitar of flaming!
* * * LOW HITPOINT WARNING * * *
The orc warrior burns you.
You hit the orc warrior but do no damage.
The orc warrior is heavily wounded.
The orc warrior barely misses you.
You hit the orc warrior.
You feel better.
The orc warrior is severely wounded.
The orc warrior hits you with a scimitar of flaming!!
You die...

###
###########.#####################
................@o>#.............
###########.##.###.#.###########.
#.##.# #.#...##......#. ## ###
#.##.###.###.##.####.#. .# #.#
#.##.#...###.##.# #.#. .# #<#
#.#..(.....#.##.# #.#. )######.#
#.#..........##.####.#. .)......#
#.#....#.#.####)#....#.
.#####..###.#..........##.#.####.


You could see an orc warrior.

Vanquished Creatures
  Grinder (D:4)
  Sigmund (D:6)
  A hippogriff (D:7)
  A sky beast (D:6)
  A phantom (D:5)
  The ghost of hornqvist the Covered, an average NaFi (D:3)
  2 ice beasts
  5 ogres
  3 giant frogs
  A centaur (D:5)
  4 scorpions
  5 killer bees (D:7)
  A centaur zombie (D:6)
  4 orc wizards
  3 wights (D:7)
  2 crimson imps
  2 centaur skeletons (D:6)
  2 hounds (D:4)
  A giant frog zombie (D:4)
  3 orc priests
  Jessica (D:2)
  A giant frog skeleton (D:5)
  Natasha (twice) (D:4)
  3 worker ants
  2 hound zombies (D:4)
  2 hound skeletons
  A worker ant zombie (D:4)
  Robin (D:3)
  5 gnolls
  11 adders
  A shadow imp (D:5)
  An ooze (D:4)
  An adder zombie (D:6)
  2 adder skeletons
  A worm (D:3)
  3 giant geckos
  13 orcs
  7 bats
  A bat skeleton (D:5)
  A bat zombie (D:4)
  5 giant cockroaches
  14 goblins
  8 hobgoblins
  A quokka (D:7)
  A ball python (D:3)
  A giant cockroach zombie (D:4)
  2 giant newts
  4 jackals
  6 kobolds
  7 rats
  4 ballistomycetes (D:7)
157 creatures vanquished.

Vanquished Creatures (others)
  A gnoll (D:7)
  A bat (D:7)
  A giant spore (D:7)
3 creatures vanquished.

Grand Total: 160 creatures vanquished

Notes
Turn   | Place    | Note
--------------------------------------------------------------
     0 | D:1      | Ngotmuk, the Deep Dwarf Fighter, began the quest for the Orb.
     0 | D:1      | Reached XP level 1. HP: 20/20 MP: 1/1
   534 | D:1      | Reached XP level 2. HP: 25/27 MP: 2/2
   779 | D:2      | Reached XP level 3. HP: 26/34 MP: 3/3
   856 | D:2      | Noticed Jessica
   862 | D:2      | Killed Jessica
   862 | D:2      | Reached XP level 4. HP: 27/42 MP: 4/4
  1172 | D:3      | Noticed hornqvist's ghost (average NaFi)
  1209 | D:4      | Reached skill level 4 in Armour
  1275 | D:4      | Reached XP level 5. HP: 10/49 MP: 5/5
  1308 | D:4      | HP: 1/50 [gnoll/flail (3)]
  1356 | D:4      | Noticed an ogre
  1461 | D:3      | Reached XP level 6. HP: 39/57 MP: 6/6
  1503 | D:3      | Killed hornqvist's ghost
  1735 | D:3      | Noticed Robin
  1748 | D:3      | Killed Robin
  1917 | D:4      | Noticed a giant frog
  1927 | D:4      | Killed a giant frog
  1927 | D:4      | Reached skill level 5 in Shields
  1952 | D:4      | Got a shimmering hand crossbow
  1989 | D:4      | Reached skill level 5 in Axes
  2098 | D:4      | Noticed Grinder
  2126 | D:4      | Reached skill level 5 in Armour
  2126 | D:4      | Reached XP level 7. HP: 60/64 MP: 7/7
  2144 | D:4      | Killed an ogre
  2147 | D:4      | Paralysed by Grinder for 7 turns
  2195 | D:4      | Killed Grinder
  2235 | D:4      | Found a staircase to the Ecumenical Temple.
  2247 | Temple   | Entered the Ecumenical Temple
  2563 | Temple   | Became a worshipper of Ru the Awakened
  2620 | D:4      | Reached skill level 6 in Axes
  2625 | D:4      | Noticed Natasha
  2635 | D:4      | Killed Natasha
  2919 | D:4      | Noticed Natasha
  2924 | D:4      | Killed Natasha
  2954 | D:4      | Reached XP level 8. HP: 46/73 MP: 8/8
  3102 | D:5      | Entered Level 5 of the Dungeon
  3372 | D:5      | Reached skill level 5 in Fighting
  3626 | D:5      | Reached skill level 1 in Dodging
  3687 | D:5      | Reached skill level 7 in Axes
  4156 | D:6      | Gained mutation: You are hated by all. [Ru sacrifice]
  4156 | D:6      | Acquired Ru's first power
  4297 | D:6      | Noticed Eustachio
  4297 | D:6      | Noticed Sigmund
  4779 | D:7      | Gained mutation: You passively map the area around you. [Deep Dwarf growth]
  4779 | D:7      | Reached XP level 9. HP: 65/81 MP: 9/9
  4824 | D:7      | HP: 4/82 [killer bee (2)]
  5358 | D:6      | Killed Sigmund
  5491 | D:6      | Found a stormy altar of Qazlal.
  5934 | D:8      | Noticed Pikel
  5965 | D:7      | Mangled by an orc warrior

Action                   |  1- 3 |  4- 6 |  7- 9 || total
-------------------------+-------+-------+-------++-------
Melee: War axe           |    60 |    85 |       ||   145
       Whip              |       |   104 |   694 ||   798
       Unarmed           |       |       |     2 ||     2
Invok: Sacrifice Love    |       |       |     1 ||     1
Evoke: Wand              |       |     3 |    11 ||    14
  Use: Scroll            |       |     2 |     5 ||     7
       Potion            |       |       |     1 ||     1
 Stab: Paralysed         |       |       |    14 ||    14
  Eat: Meat ration       |       |     2 |       ||     2
       Pizza             |       |     1 |       ||     1
       Bread ration      |       |       |     3 ||     3
